 Dungeon Sprint DCSS version 0.27.1-33-g824d729ab1 (webtiles) character file.

Game seed: 6212026345205287730

448 ivanlol3 the Cleaver (level 6, -4/67 HPs)
             Began as a Minotaur Berserker on Dec 18, 2021.
             Was a Believer of Trog.
             Slain by a sixfirhy (12 damage)
             ... summoned by a kobold demonologist
             ... in the Dungeon (Sprint I: "Red Sonja").
             The game lasted 00:06:07 (508 turns).

ivanlol3 the Cleaver (Minotaur Berserker)            Turns: 508, Time: 00:06:08

Health: -4/67      AC:  0    Str: 24    XL:     6   Next: 73%
Magic:  5/5        EV: 11    Int:  4    God:    Trog [**....]
Gold:   216        SH:  0    Dex:  9    Spells: 5/5 levels left

rFire    . . .     SeeInvis .   a - +0 hand axe
rCold    . . .     Faith    .   (no shield)
rNeg     . . .     Spirit   .   k - +0 scale mail
rPois    .         Reflect  .   (helmet restricted)
rElec    .         Harm     .   (no cloak)
rCorr    .         Rampage  .   (no gloves)
Will     .....     NoTele   +   (no boots)
Stlth    ..........             (no amulet)
HPRegen  0.21/turn              (no ring)
MPRegen  0.09/turn              (no ring)

@: corroded
A: horns 2, retaliatory headbutt
a: Renounce Religion, Berserk, Trog's Hand


You were in the Dungeon.
You worshipped Trog.
Trog was pleased with you.
You visited 1 branch You collected 216 gold pieces.

Inventory:

Hand Weapons
 a - a +0 hand axe (weapon)
 j - a +1 dagger of protection
Armour
 b - a +0 animal skin
 k - a +0 scale mail (worn)
Scrolls
 h - a scroll of blinking
Potions
 c - a potion of curing
 d - a potion of heal wounds
 e - a potion of haste
 f - 2 potions of magic
 g - a potion of berserk rage
 i - a potion of brilliance {unknown}


   Skills:
 + Level 10.9 Fighting
 + Level 11.0 Axes
 + Level 6.9 Armour
 + Level 6.0 Dodging


You had 5 spell levels left.
You didn't know any spells.
Your spell library was empty.

Dungeon Overview and Level Annotations

Branches:
Dungeon (1/1)

Altars:
Makhleb
Xom
Jiyva
Lugonu


Innate Abilities, Weirdness & Mutations

You have a pair of horns on your head.
You reflexively headbutt those who attack you in melee.


Message History

The ufetubus misses you. The ufetubus closely misses you.
There is an open door here.
The floating eye gazes piercingly through you!
You suddenly lose the ability to move!
An arrow hits the ufetubus!
The kobold demonologist begins to cast a cantrip, but forgets the words!
You can move again.
The white imp disappears in a puff of smoke!
The ufetubus barely misses you. x2; The ufetubus misses you.
The ufetubus hits you.
The kobold demonologist gestures wildly while chanting.
The floating eye's view fixates on you.
There is an open door here.
The ufetubus barely misses you. You furiously retaliate!
You headbutt the ufetubus, but do no damage.
The ufetubus closely misses you.
The smoke demon roars!
You hit the ufetubus. Your headbutt misses the ufetubus.
The ufetubus is lightly wounded.
The ufetubus closely misses you. The ufetubus hits you.
You slash the ufetubus!
You kill the ufetubus!
The ufetubus disappears in a puff of smoke!
You hit the ufetubus.
You kill the ufetubus!
The ufetubus disappears in a puff of smoke!
An arrow hits the smoke demon, but does no damage!
You miss the sixfirhy. Your headbutt misses the sixfirhy.
The sixfirhy barely misses you. You furiously retaliate!
You headbutt the sixfirhy. The sixfirhy hits you. The sixfirhy shocks you!
The sixfirhy closely misses you. You furiously retaliate!
You headbutt the sixfirhy!
Your scale mail prevents you from hitting the sixfirhy.
The sixfirhy is moderately wounded.
The sixfirhy closely misses you. The sixfirhy hits you.
The sixfirhy shocks you!
* * * LOW HITPOINT WARNING * * *
The sixfirhy hits you!
* * * LOW HITPOINT WARNING * * *
The sixfirhy shocks you!
You die...

##########################
#<.#..)..#.@3K5#__#.5'K3.#
#..'..#..').#..3^K'.5#45.#
#..#####+#####+#__####55.+
#..# #### #### #..# #..#
#⌠⌠# ####


You could see 2 kobold demonologists, a sixfirhy (summoned), a smoke demon
(summoned) and a quasit (summoned).

Vanquished Creatures
  A slime creature (D)
  Sigmund (D)
  An ogre (D)
  Ijyb (D)
4 creatures vanquished.

Notes
Turn   | Place    | Note
-------+----------+-------------------------------------------
     0 | D        | ivanlol3 the Minotaur Berserker began the quest for the
                  | Orb.
     0 | D        | Reached XP level 1. HP: 19/19 MP: 0/0
     9 | D        | Noticed Ijyb
    14 | D        | Killed Ijyb
    15 | D        | Reached skill level 5 in Fighting
    15 | D        | Reached skill level 5 in Axes
    15 | D        | Reached XP level 2. HP: 10/29 MP: 1/1
   226 | D        | Noticed an ogre
   229 | D        | Killed an ogre
   230 | D        | Reached skill level 7 in Axes
   230 | D        | Reached XP level 3. HP: 26/40 MP: 2/2
   230 | D        | Reached XP level 4. HP: 31/48 MP: 3/3
   318 | D        | Noticed Sigmund
   336 | D        | Killed Sigmund
   336 | D        | Reached ** piety under Trog
   337 | D        | Reached skill level 9 in Axes
   337 | D        | Reached skill level 5 in Armour
   337 | D        | Reached skill level 5 in Dodging
   337 | D        | Reached XP level 5. HP: 31/58 MP: 4/4
   337 | D        | Reached XP level 6. HP: 35/66 MP: 5/5
   458 | D        | Found a burning altar of Makhleb.
   458 | D        | Found a viscous altar of Jiyva.
   458 | D        | Found a shimmering altar of Xom.
   458 | D        | Found a corrupted altar of Lugonu.
   458 | D        | Noticed a slime creature
   468 | D        | Killed a slime creature
   469 | D        | Reached skill level 10 in Fighting
   469 | D        | Reached skill level 11 in Axes
   486 | D        | Noticed a kobold demonologist
   486 | D        | Noticed a floating eye
   487 | D        | Noticed a kobold demonologist
   489 | D        | Noticed a chaos spawn
   490 | D        | Paralysed by a floating eye for 3 turns
   492 | D        | Noticed a rust devil
   496 | D        | Noticed a neqoxec
   499 | D        | Noticed a sixfirhy
   499 | D        | Paralysed by a floating eye for 2 turns
   504 | D        | Noticed a smoke demon
   508 | D        | Slain by a sixfirhy

Illustrated notes

Levels and vault maps discovered:
D:        dungeon_sprint_1 [red_sonja_temple_1, red_sonja_temple_small_1]

Skill      XL: |  1  2  3  4  5  6 |
---------------+-------------------+-----
Fighting       | 5 7 9 10 | 10.9
Axes           | 5 7 9 11 | 11.0
Armour         | 3 4 5 6 |  6.9
Dodging        | 3 5 6 |  6.0

Action                   |  1- 3 |  4- 6 || total
-------------------------+-------+-------++-------
Melee: Hand axe          |     6 |    29 ||    35
       Headbutt          |     4 |     8 ||    12
Armor: Scale mail        |       |     5 ||     5
Dodge: Dodged            |     1 |    21 ||    22
